[Event "Late-Titled-Tuesday-Blitz-January-30-2024"]
[Site "Chess.com"]
[Date "2024.01.30"]
[Round "4"]
[White "emeli_chess"]
[Black "manitodeplomo"]
[Result "0-1"]
[WhiteElo "2489"]
[BlackElo "2690"]
[TimeControl "180+1"]
[EndTime "14:38:05 PST"]
[Termination "manitodeplomo won by resignation"]

1. d4 g6 2. c4 Bg7 3. Nc3 d6 4.
e4 Nf6 5. f3 O-O 6. Be3 c5 7. Nge2 Nc6 8. d5 Ne5 9. Ng3 e6 10. Be2 exd5 11. cxd5 a6 12. a4 h5 13. O-O h4 14. Nh1 h3 15. g3 Bd7 16. Nf2 b5 17. f4 Nc4 18. Bxc4 bxc4 19. e5 Ne8 20. Nfe4 Bf5 21. g4 Bxe4 22. Nxe4 Rb8 23. Qd2 Rb3 24.
Qf2 Qa8 25. Rad1 Rd3 26. exd6 Qxd5 27. Rxd3 cxd3 28. d7 Qxe4 29. d8=Q Nf6 30. Qc7 Nxg4 31. Qf3 Qxe3+ 32. Qxe3 Nxe3 33. Qd7 Bd4 34. Kf2 d2 35. Ke2 Nxf1 0-1

[Event "Late-Titled-Tuesday-Blitz-January-30-2024"]
[Site "Chess.com"]
[Date "2024.01.30"]
[Round "4"]
[White "AlleyOoper"]
[Black "Orest_Vovk"]
[Result "1-0"]
[WhiteElo "2662"]
[BlackElo "2500"]
[TimeControl "180+1"]
[EndTime "14:38:08 PST"]
[Termination "AlleyOoper won on time"]

1. d4 h6 2. Nc3 g5 3. e4 Bg7 4. h4 c5 5. dxc5 Bxc3+ 6. bxc3 g4 7. Qxg4 Nf6 8. Qg7 Rg8 9. Qxh6 Qa5 10. Qe3 Nxe4 11. Ne2 Nxc5 12. h5 d6 13. h6 Nc6 14. h7 Rh8 15. Qg5 Be6 16. Be3 Ne5 17. Rd1 f6 18. Qf4 Qxa2 19. Nd4 O-O-O 20. Nxe6 Qxe6 21.
g3 Kc7 22. Bg2 Qc4 23. Qxc4 Nxc4 24. Bxc5 dxc5 25. Rxd8 Kxd8 26. Bxb7 Nd6 27. Bd5 Ke8 28. Bg8 Kf8 29. Ke2 Nf7 30. Rb1 1-0

[Event "Late-Titled-Tuesday-Blitz-January-30-2024"]
[Site "Chess.com"]
[Date "2024.01.30"]
[Round "4"]
[White "The_Straightforward_Rook"]
[Black "GianmarcoVaR"]
[Result "0-1"]
[WhiteElo "2418"]
[BlackElo "2664"]
[TimeControl "180+1"]
[EndTime "14:38:08 PST"]
[Termination "GianmarcoVaR won by resignation"]

1. e4 c5 2. c3 Nf6 3. e5 Nd5 4. Nf3 Nc6 5. Bc4 Nb6 6. Bb3 d5 7.
exd6 Qxd6 8. Na3 Be6 9. O-O Bxb3 10. Qxb3 e6 11. d4 cxd4 12. Nb5 Qd7 13. Bf4 Nd5 14. Bg3 dxc3 15. Rad1 Rc8 16. bxc3 a6 17. c4 Na5 18.
Qd3 Nxc4 19. Na7 Nb2 20. Qb3 Nxd1 21. Nxc8 N1c3 22. Nb6 Ne2+ 23. Kh1 Nxg3+ 24. fxg3 Nxb6 25. Qxb6 f6 26. h4 Be7 27. Re1 e5 28. Qb3 Qb5 29.
Rd1 Qxb3 30. axb3 Kf7 31. Rd7 Rb8 32. Nd2 Ke6 33. Rc7 Kd6 34. Rc2 b5 35. Ne4+ Kd5 36. Nc3+ Ke6 37. Ne4 a5 38. g4 a4 39. bxa4 bxa4 40. Ng3 a3 41. Nf5 Rb2 42. Rc6+ Kd7 43. Ra6 a2 44. Ra7+ Kd8 45. Kh2 Bc5 46. Nxg7 Bxa7 0-1

[Event "Late-Titled-Tuesday-Blitz-January-30-2024"]
[Site "Chess.com"]
[Date "2024.01.30"]
[Round "4"]
[White "SpeedofLight0"]
[Black "Mikhail_Bryakin"]
[Result "1-0"]
[WhiteElo "3022"]
[BlackElo "2830"]
[TimeControl "180+1"]
[EndTime "14:38:10 PST"]
[Termination "SpeedofLight0 won by resignation"]

1. d4 d6 2. Nf3 Nf6 3. Nc3 Nbd7 4. e4 e5 5. Bc4 Be7 6. O-O O-O 7. a4 c6 8. h3 Qc7 9. a5 h6 10. Re1 Rd8 11. Be3 Nf8 12. Bd3 Ng6 13.
Ne2 d5 14. Nxe5 Nxe5 15. dxe5 Nxe4 16. f4 f5 17. c4 Be6 18. Nd4 Qd7 19. Nxe6 Qxe6 20.
Qc2 a6 21. Bb6 Rd7 22. cxd5 cxd5 23. Rac1 g5 24. Qb3 Kf7 25. Rf1 gxf4 26. Rxf4 Kg7 27.
Rcf1 Rf8 28. Bxe4 fxe4 29. Qg3+ Kh7 30. Rxf8 Bxf8 31. Rxf8 Rg7 32. Qf4 Qxh3 33. Qf5+ Qxf5 34. Rxf5 Re7 35. Bd4 Kg6 36. Rf6+ Kg5 37. Kf2 Kg4 38. e6 Rc7 39. Rf7 Rc6 40. e7 Re6 41. Bc5 d4 42. Rf8 e3+ 43. Ke1 1-0

[Event "Late-Titled-Tuesday-Blitz-January-30-2024"]
[Site "Chess.com"]
[Date "2024.01.30"]
[Round "4"]
[White "YurasovMat-2012"]
[Black "ArchibaldCerveza29"]
[Result "0-1"]
[WhiteElo "2664"]
[BlackElo "2497"]
[TimeControl "180+1"]
[EndTime "14:38:12 PST"]
[Termination "ArchibaldCerveza29 won on time"]

1. e4 b6 2. Nf3 Bb7 3. Nc3 g6 4. d4 Bg7 5. Be3 d6 6. Qd2 Nd7 7. Bd3 e6 8. h4 h6 9. O-O-O Ne7 10. Rde1 a6 11. a3 b5 12. g4 Qc8 13. Bf4 Kf8 14.
Ne2 Kg8 15. Ng3 Qe8 16. c3 Nc8 17. e5 Bxf3 18. Rhg1 dxe5 19. dxe5 Nc5 20. Bc2 Nb6 21. Qe3 Qc6 22. Qd4 Bd5 23. Kb1 Rd8 24. Qe3 Nc4 25.
Qc1 a5 26. b3 Nb6 27. Qb2 a4 28. c4 axb3 29. cxd5 bxc2+ 30. Qxc2 Rxd5 31. Bc1 Nc4 32. f4 Qa6 33. f5 Nxa3+ 34. Bxa3 Qxa3 35. fxg6 Rd3 36. gxf7+ Kf8 0-1

[Event "Late-Titled-Tuesday-Blitz-January-30-2024"]
[Site "Chess.com"]
[Date "2024.01.30"]
[Round "4"]
[White "jcibarra"]
[Black "TheNextLevelFan"]
[Result "1-0"]
[WhiteElo "2878"]
[BlackElo "2595"]
[TimeControl "180+1"]
[EndTime "14:38:14 PST"]
[Termination "jcibarra won by resignation"]

1. e4 c6 2. Nf3 d5 3. d3 dxe4 4.
dxe4 Qxd1+ 5. Kxd1 Bg4 6. Be2 Nd7 7. Ne1 Bxe2+ 8. Kxe2 Ngf6 9. f3 O-O-O 10. Be3 e6 11. Nd3 Bd6 12. Nd2 Bc7 13. a4 a6 14. Nc4 h5 15. h4 Ne8 16. e5 f6 17. exf6 gxf6 18. Rhd1 Rg8 19. Kf1 Ng7 20. Nf4 Ne5 21. Nxe5 Bxe5 22.
Ng6 Bxb2 23. Ne7+ Kc7 24. Nxg8 Bxa1 25. Bb6+ Kxb6 26. Rxd8 Nf5 27. Re8 e5 28. Nxf6 Nxh4 29. Nxh5 Ka5 30. Rb8 b5 31. axb5 cxb5 32. Nf6 Kb4 33. Ra8 a5 34. Nd5+ Kc5 35. Rxa5 Bd4 36. c3 1-0

[Event "Late-Titled-Tuesday-Blitz-January-30-2024"]
[Site "Chess.com"]
[Date "2024.01.30"]
[Round "4"]
[White "MetiForce"]
[Black "Filipets"]
[Result "1-0"]
[WhiteElo "2866"]
[BlackElo "2591"]
[TimeControl "180+1"]
[EndTime "14:38:14 PST"]
[Termination "MetiForce won by resignation"]

1. b3 Nf6 2. Bb2 g6 3. e3 Bg7 4. Nf3 O-O 5. c4 d6 6. d4 a5 7. Be2 a4 8. bxa4 c5 9. O-O Ne4 10.
Nc3 Nxc3 11. Bxc3 Nc6 12. Rc1 Bg4 13. d5 Bxc3 14. dxc6 Bb4 15. cxb7 Ra7 16. Rb1 Bd7 17. a3 Bxa4 18. Qc1 Rxb7 19. axb4 cxb4 20. Nd4 e5 21. Bf3 Rb6 22. Nb5 Bxb5 23. cxb5 Rxb5 24. Qc4 Qb6 25. Rb3 Rb8 26. h4 Rc5 27. Qd3 f5 28.
Bd5+ Kg7 29. Rfb1 Qa5 30. e4 fxe4 31. Bxe4 d5 32. Bf3 Rbc8 33. Rxb4 Rc1+ 34. Kh2 e4 35. Qd4+ Kg8 36. Bg4 Qd8 37. Be6+ Kf8 38. Qh8+ Ke7 39. Rb7+ Kxe6 40. Qxd8 Rxd8 41. Rxc1 d4 42. Rb6+ Kf5 43.
Rc5+ Kf4 44. Rf6+ Kg4 45. g3 1-0

[Event "Late-Titled-Tuesday-Blitz-January-30-2024"]
[Site "Chess.com"]
[Date "2024.01.30"]
[Round "4"]
[White "malakismayil"]
[Black "pavet"]
[Result "0-1"]
[WhiteElo "2557"]
[BlackElo "2778"]
[TimeControl "180+1"]
[EndTime "14:38:14 PST"]
[Termination "pavet won on time"]

1. e4 e5 2. Nf3 Nc6 3. Bc4 Bc5 4.
O-O Nf6 5. d3 d6 6. h3 a6 7. Nc3 h6 8. Be3 Be6 9. a3 O-O 10. Qd2 Nd4 11. Bxd4 exd4 12. Ne2 Bxc4 13. dxc4 Nxe4 14. Qd3 f5 15. Nexd4 Qf6 16. b4 Ba7 17. Rae1 Rae8 18. Re2 c5 19. bxc5 dxc5 20. Nb3 Bb8 21.
Rfe1 Rd8 22. Qe3 Qd6 23. h4 Rfe8 24. Qc1 Rf8 25. Nbd2 Nf6 26. Nf1 Ne4 27. Ne3 Nc3 28.
Rd2 Qf4 29. Nd5 Qxc4 30. Ne7+ Kh7 31. Rxd8 Rxd8 32. Nxf5 Ne2+ 33. Rxe2 Qxe2 34. Ne3 Bf4 35. Qe1 Qxe1+ 36. Nxe1 Bxe3 37. fxe3 Rd1 38. Kf2 Ra1 39. Nd3 c4 40. Nc5 b5 41. Nxa6 Rxa3 42. Nb4 Ra4 43. Nd5 b4 44. e4 b3 45. cxb3 cxb3 46. Nc3 Rc4 47. Nb1 Rxe4 0-1

[Event "Late-Titled-Tuesday-Blitz-January-30-2024"]
[Site "Chess.com"]
[Date "2024.01.30"]
[Round "4"]
[White "krzyzan94"]
[Black "StellarChess"]
[Result "1-0"]
[WhiteElo "2776"]
[BlackElo "2555"]
[TimeControl "180+1"]
[EndTime "14:38:15 PST"]
[Termination "krzyzan94 won by resignation"]

1. Nf3 g6 2. e4 Bg7 3. d4 c6 4. Nc3 d5 5. h3 dxe4 6. Nxe4 Nf6 7. Nxf6+ exf6 8. Bc4 O-O 9. O-O Re8 10. c3 Nd7 11.
Bf4 Nf8 12. Qd2 Be6 13. Bd3 Bd5 14. Nh2 f5 15. Rfe1 Rxe1+ 16. Qxe1 Ne6 17. Bd2 Nc7 18. Nf1 Be6 19. Ne3 Nd5 20. Nc4 Qc7 21. Qe2 Nf4 22. Bxf4 Qxf4 23. Re1 Qc7 24. a3 Bf6 25. Ne5 Kg7 26.
Bc4 Bxe5 27. dxe5 Rd8 28. Bxe6 fxe6 29. Qe3 b6 30. Qg5 Rf8 31. h4 h6 32. Qf4 Rd8 33. Kh2 Qe7 34. Re3 Kh7 35. Rg3 Rg8 36. Qc4 c5 37. Rd3 Rd8 38. Rxd8 Qxd8 39. Qxe6 Qxh4+ 40. Kg1 Qf4 41. Qd7+ Kg8 42. Qc8+ Kh7 43. Qb7+ Kg8 44.
Qb8+ Kf7 45. e6+ 1-0

[Event "Late-Titled-Tuesday-Blitz-January-30-2024"]
[Site "Chess.com"]
[Date "2024.01.30"]
[Round "4"]
[White "JSPrepz"]
[Black "Njal28"]
[Result "0-1"]
[WhiteElo "2856"]
[BlackElo "3044"]
[TimeControl "180+1"]
[EndTime "14:38:16 PST"]
[Termination "Njal28 won by resignation"]

1. e4 c5 2. Nf3 Nc6 3. b4 Nxb4 4. c3 Nc6 5. d4 cxd4 6. cxd4 g6 7. Bc4 Bg7 8. O-O d6 9. Nc3 Nf6 10. h3 O-O 11.
Re1 a6 12. Bg5 b5 13. Bxf6 Bxf6 14. Bd5 Bb7 15. e5 dxe5 16. dxe5 Bg7 17. Ne4 Qb6 18. e6 f5 19. Neg5 Rad8 20. Nf7 Rxd5 21. Qxd5 Nd4 22. Qd7 Bxf3 23. Qxe7 Be4 24. Ng5 h6 25. Nxe4 fxe4 26.
Rxe4 Nc6 27. Qd6 Qxf2+ 28. Kh1 Bxa1 29. Qxc6 Qf1+ 30. Kh2 Be5+ 31. Rxe5 Qf4+ 32. Kg1 Qxe5 33. e7 Qe1+ 34. Kh2 Qxe7 35. Qxg6+ Qg7 36. Qe6+ Kh8 0-1

[Event "Late-Titled-Tuesday-Blitz-January-30-2024"]
[Site "Chess.com"]
[Date "2024.01.30"]
[Round "4"]
[White "HamedWafa4"]
[Black "DefiantChair"]
[Result "0-1"]
[WhiteElo "2801"]
[BlackElo "2620"]
[TimeControl "180+1"]
[EndTime "14:38:16 PST"]
[Termination "DefiantChair won by resignation"]

1. e4 c5 2. Nf3 d6 3. Bb5+ Nd7 4. O-O a6 5. Be2 Ngf6 6. d3 e6 7. c4 Be7 8. Nc3 O-O 9. d4 cxd4 10. Nxd4 Qc7 11.
Be3 b6 12. f3 Bb7 13. a4 Rac8 14. a5 bxa5 15. Nb3 Rfd8 16. Nxa5 Ba8 17. b4 d5 18.
exd5 exd5 19. c5 Nxc5 20. Bf2 d4 21. bxc5 dxc3 22. Qb3 Bxc5 23. Bxa6 Bxf2+ 24. Rxf2 c2 25. Rff1 Rb8 26. Qe3 Rb1 27. Raxb1 cxb1=Q 28. Rxb1 Qxa5 29. Bf1 h6 30. h3 Qc7 31. Rc1 Qd7 32. Ra1 Bd5 33.
Rd1 Re8 34. Qd4 Qe6 35. Kh1 Ba8 36. Bb5 Bxf3 37. Rf1 Qxh3+ 0-1

[Event "Late-Titled-Tuesday-Blitz-January-30-2024"]
[Site "Chess.com"]
[Date "2024.01.30"]
[Round "4"]
[White "KamlaPasand"]
[Black "Arlo2024"]
[Result "1-0"]
[WhiteElo "2485"]
[BlackElo "2268"]
[TimeControl "180+1"]
[EndTime "14:38:16 PST"]
[Termination "KamlaPasand won on time"]

1. e4 e6 2. d4 d5 3. exd5 exd5 4. Nf3 Nc6 5. c4 Bb4+ 6. Bd2 Bxd2+ 7. Qxd2 Nge7 8. Nc3 O-O 9. O-O-O dxc4 10. Bxc4 Bf5 11. h3 Na5 12. Be2 Nd5 13. g4 Be6 14. Kb1 c6 15.
Ne5 f6 16. Nc4 Nxc4 17. Bxc4 Nxc3+ 18. Qxc3 Bxc4 19. Qxc4+ Qd5 20. Qxd5+ cxd5 21. Rhe1 Rfe8 22. Rc1 Rxe1 23. Rxe1 Kf7 24. Rc1 Re8 25. Rc5 Re1+ 26. Kc2 Re2+ 27. Kc1 Rxf2 28. Rc7+ Kg6 29. Rxb7 Rf3 30.
Rxa7 Rxh3 31. b4 Rd3 32. b5 Rxd4 33. b6 Rb4 34. b7 f5 35. a3 Rb6 36. gxf5+ Kxf5 37.
a4 Ke6 38. a5 Rb5 39. Ra6+ Kd7 40. Rb6 Rc5+ 41. Kd2 Rxa5 42. b8=Q 1-0

[Event "Late-Titled-Tuesday-Blitz-January-30-2024"]
[Site "Chess.com"]
[Date "2024.01.30"]
[Round "4"]
[White "Evgeny81"]
[Black "Sanan_Sjugirov"]
[Result "1-0"]
[WhiteElo "2731"]
[BlackElo "2975"]
[TimeControl "180+1"]
[EndTime "14:38:17 PST"]
[Termination "Evgeny81 won on time"]

1. Nf3 Nf6 2. c4 b6 3. g3 Bb7 4. Bg2 c5 5. O-O g6 6. Nc3 Bg7 7. d4 cxd4 8. Qxd4 d6 9. Bg5 Nbd7 10. Rad1 Rc8 11. b3 h6 12. Bc1 O-O 13. Bb2 Ne4 14.
Qe3 Nxc3 15. Bxc3 Bxc3 16. Qxc3 b5 17. Qe3 bxc4 18. Qxh6 Bxf3 19. Bxf3 Qb6 20. bxc4 Ne5 21. h4 Rc5 22. Rd5 Nxf3+ 23. exf3 e6 24. Rg5 Rxg5 25.
Qxg5 Rc8 26. Rc1 Rc5 27. Qe3 Qc6 28. Kg2 d5 29. cxd5 1-0

[Event "Late-Titled-Tuesday-Blitz-January-30-2024"]
[Site "Chess.com"]
[Date "2024.01.30"]
[Round "4"]
[White "chegueps"]
[Black "GMWSO"]
[Result "0-1"]
[WhiteElo "2618"]
[BlackElo "3088"]
[TimeControl "180+1"]
[EndTime "14:38:17 PST"]
[Termination "GMWSO won on time"]

1. e4 c6 2. d4 d5 3. Nc3 dxe4 4.
Nxe4 Nf6 5. Nxf6+ exf6 6. c3 Bd6 7. Bd3 O-O 8. Qc2 h5 9. Ne2 Re8 10. Be3 Nd7 11. O-O-O b5 12. g4 hxg4 13. Rdg1 Nf8 14. Ng3 Be6 15. Nf5 g6 16. Rxg4 Bc7 17. Rhg1 Qd5 18.
Nh6+ Kh8 19. Rh4 Kg7 20. b3 a5 21. Be4 Qd6 22. Qd2 a4 23. Bf4 Qa3+ 24. Kd1 Bxb3+ 25.
axb3 Qa1+ 26. Ke2 Rxe4+ 27. Kf3 Qxg1 28. Bxc7 Rxh4 0-1

[Event "Late-Titled-Tuesday-Blitz-January-30-2024"]
[Site "Chess.com"]
[Date "2024.01.30"]
[Round "4"]
[White "Oleksandr_Bortnyk"]
[Black "h4parah5"]
[Result "1-0"]
[WhiteElo "3108"]
[BlackElo "2902"]
[TimeControl "180+1"]
[EndTime "14:38:19 PST"]
[Termination "Oleksandr_Bortnyk won by resignation"]

1. e4 c5 2. c3 Nf6 3. e5 Nd5 4. Nf3 d6 5. Bb5+ Bd7 6. Bc4 e6 7. O-O Bc6 8. d4 cxd4 9. cxd4 Nd7 10. Re1 Rc8 11. Nbd2 dxe5 12. dxe5 N7b6 13. Bf1 Nb4 14. Nb3 Qxd1 15. Rxd1 Be7 16. Nfd4 Bd5 17. Be3 O-O 18. Nb5 Nc4 19. Nxa7 Ra8 20. Bxc4 Bxc4 21. Rd7 Rfe8 22. Na5 Bxa2 23. Nxb7 Bd5 24. Nd6 Bxd6 25. exd6 h6 26. h4 Red8 27. Rxd8+ Rxd8 28. Ra5 Rxd6 29. Bc5 Nc6 30. Ra6 Rd7 31. Nxc6 Kh7 32. Ne5 Rc7 33. b4 f6 34. Ng4 1-0

[Event "Late-Titled-Tuesday-Blitz-January-30-2024"]
[Site "Chess.com"]
[Date "2024.01.30"]
[Round "4"]
[White "platy3"]
[Black "HalfIsCrayfish"]
[Result "1-0"]
[WhiteElo "2861"]
[BlackElo "2585"]
[TimeControl "180+1"]
[EndTime "14:38:19 PST"]
[Termination "platy3 won by resignation"]

1. e4 c6 2. Nf3 d5 3. Nc3 dxe4 4. Nxe4 Nf6 5. Qe2 Nxe4 6. Qxe4 Nd7 7. Bc4 Nf6 8. Ne5 e6 9. Qe2 b5 10. Bb3 Qc7 11.
O-O Bd6 12. d4 a5 13. a4 b4 14. Re1 O-O 15. h3 c5 16. dxc5 Qxc5 17. Bg5 Bxe5 18. Qxe5 Qxe5 19. Rxe5 Nd7 20. Rb5 Nf6 21. Rd1 Bd7 22.
Rb6 Ra7 23. Be3 Raa8 24. Rbd6 Bc8 25. Rb6 Bd7 26. Bd4 Bc8 27. Bc4 Rd8 28. Rd3 Nd5 29.
Bc5 Bd7 30. Bxd5 exd5 31. Rxd5 Bxa4 32. Rxd8+ Rxd8 33. b3 Bd7 34. Rd6 h6 35. Bb6 Rb8 36.
Bc7 1-0

[Event "Late-Titled-Tuesday-Blitz-January-30-2024"]
[Site "Chess.com"]
[Date "2024.01.30"]
[Round "4"]
[White "LittleChessFan"]
[Black "venturov"]
[Result "1-0"]
[WhiteElo "2281"]
[BlackElo "2462"]
[TimeControl "180+1"]
[EndTime "14:38:22 PST"]
[Termination "LittleChessFan won by resignation"]

1. d4 Nf6 2. c4 d6 3. g3 g6 4. Bg2 Nbd7 5. Nc3 Bg7 6. Nf3 O-O 7. O-O e5 8. e4 exd4 9. Nxd4 Re8 10. Re1 Nc5 11. h3 Bd7 12. b4 Ne6 13. Be3 c5 14.
Nxe6 Bxe6 15. Nd5 cxb4 16. Bd4 Bxd5 17. cxd5 Nd7 18. Bxg7 Kxg7 19. Qd4+ Qf6 20. Qxb4 Nc5 21. Rad1 b6 22. f4 h5 23. Qd2 h4 24. g4 Rac8 25. Qe3 Na4 26. e5 Qd8 27. Qd4 Nc3 28. e6+ f6 29. Rd3 Qc7 30. g5 Rf8 31. e7 Rf7 32.
e8=Q Rxe8 33. Rxe8 Nb5 34. Qb2 Qc4 35. gxf6+ Kh7 36.
Rde3 Nd4 37. R8e7 Kg8 38. Qc3 Qxc3 39. Rxc3 Rxe7 40. fxe7 Kf7 41. Re3 Ke8 42. Be4 b5 43. Bxg6+ Kd7 44. e8=Q+ Kc7 1-0

[Event "Late-Titled-Tuesday-Blitz-January-30-2024"]
[Site "Chess.com"]
[Date "2024.01.30"]
[Round "4"]
[White "Gryffindorac8"]
[Black "gomeschess02"]
[Result "1-0"]
[WhiteElo "2405"]
[BlackElo "2185"]
[TimeControl "180+1"]
[EndTime "14:38:22 PST"]
[Termination "Gryffindorac8 won on time"]

1. d4 Nf6 2. c4 g6 3. Nc3 Bg7 4. e4 d6 5. Nf3 O-O 6. h3 e5 7.
d5 Nbd7 8. Be3 Nc5 9. Nd2 a5 10. g4 b6 11. Be2 Ne8 12. h4 f5 13. gxf5 gxf5 14. h5 f4 15. Bxc5 bxc5 16. h6 Bf6 17. Bg4 Kh8 18. Bxc8 Rxc8 19. Qh5 Rg8 20. O-O-O Bg5 21. Nf3 Nf6 22. Qh3 Qd7 23. Rdg1 Qxh3 24. Rxh3 Bxh6 25. Rxh6 Rxg1+ 26. Nxg1 Ng4 27. Rh5 Nxf2 28.
Rg5 Rf8 29. Kd2 1-0

[Event "Late-Titled-Tuesday-Blitz-January-30-2024"]
[Site "Chess.com"]
[Date "2024.01.30"]
[Round "4"]
[White "Akhayan"]
[Black "jmpion"]
[Result "0-1"]
[WhiteElo "2347"]
[BlackElo "2533"]
[TimeControl "180+1"]
[EndTime "14:38:26 PST"]
[Termination "jmpion won by resignation"]

1. e4 c5 2. Nf3 d6 3. d4 cxd4 4. Nxd4 Nf6 5. Nc3 a6 6. Bc4 e6 7. Bb3 Be7 8. O-O b5 9. f4 b4 10. Na4 Nxe4 11. f5 e5 12. Ne6 Bxe6 13. fxe6 Nf6 14.
exf7+ Kf8 15. Bg5 Nbd7 16. Kh1 h6 17. Be3 Rc8 18. Qe2 d5 19. Qxa6 d4 20. Bf2 Qc7 21. Rae1 h5 22. c3 bxc3 23. bxc3 dxc3 24. Rc1 Ne4 25.
Be1 h4 26. Nxc3 Ng3+ 27. Bxg3 hxg3 28. h3 Nc5 29. Qe2 Qc6 30. Bd5 Qd7 31. Rfd1 Rxh3+ 32. gxh3 Qxh3+ 33. Kg1 Ne6 34. Bxe6 Bc5+ 0-1

[Event "Late-Titled-Tuesday-Blitz-January-30-2024"]
[Site "Chess.com"]
[Date "2024.01.30"]
[Round "4"]
[White "ChEsper99"]
[Black "Smile2005"]
[Result "1-0"]
[WhiteElo "2165"]
[BlackElo "2433"]
[TimeControl "180+1"]
[EndTime "14:38:27 PST"]
[Termination "ChEsper99 won by checkmate"]

1. d4 Nf6 2. Nf3 g6 3. c4 Bg7 4. g3 c5 5. Bg2 O-O 6. O-O cxd4 7.
Nxd4 d6 8. Nc3 Bd7 9. e4 Nc6 10. h3 Rc8 11. b3 Nxd4 12. Qxd4 Bc6 13. Qxa7 Nxe4 14. Nxe4 Bxa1 15. Bh6 Bg7 16. Bxg7 Kxg7 17. Rd1 Bxe4 18. Bxe4 Ra8 19. Qd4+ f6 20. a4 Qc7 21. Qd5 Ra5 22. Qd3 b6 23. Bd5 Qc5 24. Re1 Ra7 25. Re6 Rf7 26. Qe2 Qa3 27. Qe3 Qc5 28. Qe2 Rc7 29. h4 h5 30. Qe1 Qd4 31. Qe2 Qa1+ 32. Kg2 Qa3 33. Qe3 Qb2 34. Qxb6 Rc5 35. Qb7 Kf8 36. b4 Rxd5 37. cxd5 Qd4 38. a5 f5 39. a6 f4 40. a7 f3+ 41. Kg1 Qd1+ 42.
Kh2 Qf1 43. a8=Q+ Kg7 44. Rxg6+ Kxg6 45. Qg8+ Rg7 46. Qe6+ Kh7 47. Qf5+ Kh6 48. Qxf3 Rg6 49.
Qf4+ Kg7 50. Qxe7+ Kg8 51. Qff8# 1-0

[Event "Late-Titled-Tuesday-Blitz-January-30-2024"]
[Site "Chess.com"]
[Date "2024.01.30"]
[Round "4"]
[White "dropstoneDP"]
[Black "annacramling"]
[Result "1-0"]
[WhiteElo "3039"]
[BlackElo "2121"]
[TimeControl "180+1"]
[EndTime "14:38:28 PST"]
[Termination "dropstoneDP won on time"]

1. e4 c5 2. Nf3 e6 3. d4 cxd4 4. Nxd4 Nf6 5. Nc3 Nc6 6. Ndb5 d6 7. Bf4 e5 8. Bg5 a6 9. Na3 b5 10. Nd5 Be7 11. Bxf6 Bxf6 12. c3 Bg5 13. Nc2 O-O 14. a4 bxa4 15. Rxa4 a5 16. Bc4 Be6 17. O-O Ne7 18. Qd3 Rb8 19. b4 axb4 20. Ncxb4 Qd7 21.
Rfa1 Nxd5 22. Bxd5 Bxd5 23. Nxd5 Rb2 24. Ra8 g6 25.
Rxf8+ Kxf8 26. Qg3 Qb7 27. Rf1 Bd2 28. Qd3 Qb5 29.
Qxb5 Rxb5 30. Rd1 Rb3 31. c4 Rb2 32. Kf1 Rc2 33. g3 Ba5 34. Ra1 Bc3 35. Ra8+ Kg7 36. Nxc3 Rxc3 37. Rc8 h5 38. h4 f5 39. exf5 gxf5 40.
Rc6 1-0

[Event "Late-Titled-Tuesday-Blitz-January-30-2024"]
[Site "Chess.com"]
[Date "2024.01.30"]
[Round "4"]
[White "OPQRC"]
[Black "TheAlienParty"]
[Result "1-0"]
[WhiteElo "2551"]
[BlackElo "2380"]
[TimeControl "180+1"]
[EndTime "14:38:28 PST"]
[Termination "OPQRC won by checkmate"]

1. e4 e5 2. Nf3 Nc6 3. d4 exd4 4.
Nxd4 Bc5 5. Nb3 Bb6 6. Nc3 Nf6 7. Qe2 Nd4 8. Qd3 Nxb3 9. axb3 O-O 10. Bg5 h6 11.
Bh4 Qe7 12. f3 c6 13. O-O-O Rd8 14. Kb1 Bc7 15. g4 b5 16. Bg3 Bxg3 17. hxg3 a5 18.
g5 hxg5 19. f4 gxf4 20. gxf4 g6 21. Qh3 Kf8 22. Qh6+ Ke8 23. Qg7 Nh5 24. Rxh5 gxh5 25. Bxb5 cxb5 26. Nd5 d6 27. Nf6+ Qxf6 28. Qxf6 Be6 29.
f5 Bc8 30. e5 Bb7 31. exd6 Rd7 32. Qh8# 1-0

[Event "Late-Titled-Tuesday-Blitz-January-30-2024"]
[Site "Chess.com"]
[Date "2024.01.30"]
[Round "4"]
[White "GMBenjaminBok"]
[Black "TheCavemanChess"]
[Result "1-0"]
[WhiteElo "2938"]
[BlackElo "2683"]
[TimeControl "180+1"]
[EndTime "14:38:29 PST"]
[Termination "GMBenjaminBok won by resignation"]

1. d4 Nf6 2. c4 e6 3. Nc3 d5 4. cxd5 exd5 5. Bg5 Be7 6. e3 O-O 7. Bd3 Re8 8. h3 h6 9. Bf4 c5 10. Nf3 Nc6 11. O-O cxd4 12. exd4 Bd6 13. Qc1 Nb4 14. Bb5 Re7 15. a3 Nc6 16. Bxc6 bxc6 17. Ne5 Qe8 18. Re1 c5 19. Qd2 cxd4 20. Qxd4 Bb7 21. Nf3 Bxf4 22. Qxf4 Ne4 23. Re3 Rc8 24. Rae1 Re6 25. Nd4 Rf6 26. Qh4 Qf8 27. f3 Nxc3 28. bxc3 Qxa3 29. Qg4 Rf8 30. Nf5 Rg6 31. Ne7+ Kh7 32. Nxg6 fxg6 33. Qd7 Bc8 34. Qe7 Qxe7 35. Rxe7 a6 36. Rc7 Rg8 37. Re5 Bf5 38. g4 Bc2 39. Rxd5 Re8 40. Rdd7 1-0

[Event "Late-Titled-Tuesday-Blitz-January-30-2024"]
[Site "Chess.com"]
[Date "2024.01.30"]
[Round "4"]
[White "karinachess1"]
[Black "tarno17"]
[Result "1-0"]
[WhiteElo "2622"]
[BlackElo "2105"]
[TimeControl "180+1"]
[EndTime "14:38:29 PST"]
[Termination "karinachess1 won on time"]

1. d4 d5 2. c4 e6 3. Nc3 Nf6 4.
cxd5 exd5 5. Bg5 Be7 6. e3 h6 7.
Bh4 O-O 8. Bd3 b6 9. Nf3 Bb7 10. O-O Nbd7 11. Qa4 Ne4 12. Bxe7 Qxe7 13. Rac1 c5 14.
Ba6 Ndf6 15. Bxb7 Qxb7 16. Nxe4 Nxe4 17. b3 Rfe8 18. Rfd1 b5 19. Qa5 c4 20. bxc4 dxc4 21.
Ne5 f6 22. Ng6 Kh7 23. Nf4 g5 24. Ne2 f5 25. Rb1 a6 26. a4 Rab8 27. axb5 axb5 28. d5 Nd6 29. Nd4 f4 30. Nc6 Ra8 31. Qc3 fxe3 32.
fxe3 Ne4 33. Qd4 1-0

[Event "Late-Titled-Tuesday-Blitz-January-30-2024"]
[Site "Chess.com"]
[Date "2024.01.30"]
[Round "4"]
[White "GasconJR"]
[Black "larsmandreassen"]
[Result "1-0"]
[WhiteElo "2583"]
[BlackElo "2222"]
[TimeControl "180+1"]
[EndTime "14:38:31 PST"]
[Termination "GasconJR won by checkmate"]

1. e4 d6 2. d4 Nf6 3. Nc3 e5 4. Nf3 Nbd7 5. Bc4 Be7 6. a4 O-O 7. O-O c6 8. h3 Qc7 9. Re1 b6 10. Ba2 a5 11. d5 c5 12. Bc4 Nb8 13. Nd2 Ba6 14. Bxa6 Nxa6 15. Nb5 Qd7 16. Nc4 Rab8 17. f4 exf4 18. Bxf4 Ne8 19. e5 dxe5 20. Nxe5 Qf5 21.
Bg3 Bf6 22. Ra3 Nb4 23. Rf3 Qxc2 24. Nd7 Qxd1 25. Rxd1 Rd8 26. Nxf8 Kxf8 27. d6 Rd7 28. b3 Nc6 29. Re3 Nd4 30. Rde1 Rd8 31. d7 Ne6 32. dxe8=Q+ Rxe8 33. Nc7 Nxc7 34. Bd6+ Kg8 35. Rxe8+ Nxe8 36. Rxe8# 1-0

[Event "Late-Titled-Tuesday-Blitz-January-30-2024"]
[Site "Chess.com"]
[Date "2024.01.30"]
[Round "4"]
[White "cthulhuuu"]
[Black "BigAl"]
[Result "1-0"]
[WhiteElo "2391"]
[BlackElo "2528"]
[TimeControl "180+1"]
[EndTime "14:38:31 PST"]
[Termination "cthulhuuu won by resignation"]

1. e4 c6 2. d3 d5 3. Nd2 g6 4. g3 Bg7 5. Bg2 e5 6. Ngf3 Ne7 7. O-O O-O 8. c3 Nd7 9. a4 Nc5 10. Qe2 dxe4 11. dxe4 a5 12. Nc4 Qc7 13. Be3 Ne6 14. Bb6 Qb8 15. Rfd1 h6 16. Nxa5 f5 17. Nc4 f4 18. Nd6 g5 19. Bh3 Nc7 20. Nxc8 Nxc8 21. Bc5 Re8 22. Nxg5 hxg5 23. Qh5 Ne7 24. Rd7 Bf6 25.
Bxe7 Rxe7 26. Qg6+ Rg7 27. Qxf6 Qf8 28. Qxf8+ Rxf8 29. Rad1 fxg3 30. hxg3 Rff7 31. Rd8+ Kh7 32. Bf5+ Kh6 33.
Rh8+ Rh7 34. Bxh7 1-0